 Dungeon Crawl Stone Soup version 0.31-a0-538-gbc85326fa9 (webtiles) character file.

Game seed: 1519100572495269749

59 LeprechaunX the Ruffian (level 4, -3/29 HPs)
             Began as an Octopode Shapeshifter on Aug 14, 2023.
             Slain by a gnoll
             ... wielding a +0 flail
              (7 damage)
             ... on level 2 of the Dungeon.
             The game lasted 00:01:00 (1084 turns).

LeprechaunX the Ruffian (Octopode Shapeshifter)     Turns: 1084, Time: 00:01:02

Health: -3/29      AC:  1    Str: 16    XL:     4   Next: 3%
Magic:  4/4        EV: 18    Int: 10    God:
Gold:   71         SH:  0    Dex: 12    Spells: 3/3 levels left

rFire   . . .        e - +0 lajatang
rCold   . . .        (shield currently unavailable)
rNeg    . . .        (helmet currently unavailable)
rPois   .            (no amulet)
rElec   .            g - +5 ring of evasion
rCorr   .            (no ring)
SInv    .            (no ring)
Will    .....        (no ring)
Stlth   ++           (no ring)
HPRegen 0.24/turn    (no ring)
MPRegen 0.09/turn    (no ring)
                     (no ring)

%: no passive effects
@: beast-form
A: beast (slay +2), almost no armour, amphibious, 8 rings, camouflage 1,
gelatinous body 1, (nimble swimmer 1), tentacles
a: Begin Untransformation


You were on level 2 of the Dungeon.
You were a hulking beast.
You visited 1 branch of the dungeon, and saw 2 of its levels.

You collected 71 gold pieces.

Inventory:

Hand Weapons
 e - a +0 lajatang (weapon)
Jewellery
 g - a +5 ring of evasion (left tentacle)
 k - a ring of flight
Talismans
 b - a beast talisman (active)
 c - a flux talisman
Scrolls
 d - a scroll of poison {unknown}
 h - 2 scrolls of identify {unknown}
 j - a scroll of enchant weapon {unknown}
 l - a scroll of fear {unknown}
 n - a scroll of teleportation {unknown}
Potions
 a - a potion of lignification
 f - a potion of attraction {unknown}
 i - 2 potions of enlightenment {unknown}
 m - a potion of invisibility {unknown}


   Skills:
 + Level 1.7 Fighting
 + Level 1.1 Staves
 + Level 2.5 Dodging
 + Level 3.4 Unarmed Combat
 + Level 3.3 Shapeshifting


You had 3 spell levels left.
You didn't know any spells.
Your spell library contained the following spells:

 Spells                   Type           Power      Damage    Failure   Level
 Apportation              Tloc           0%         N/A       36%         1
 Necrotise                Necr           0%         1d4       36%         1
 Summon Small Mammal      Summ           0%         N/A       36%         1
 Vampiric Draining        Necr           0%         2d6       75%         3
 Agony                    Necr           0%         N/A       100%        5


Dungeon Overview and Level Annotations

Branches:
Dungeon (2/15)

Altars:


Innate Abilities, Weirdness & Mutations

You are a hulking beast.
Your limbs bulge with bestial killing power. (Slay +2)
You cannot wear most types of armour.
You are amphibious.
You can wear up to eight rings at the same time.
Your skin changes colour to match your surroundings (Stealth+).
Your rubbery body absorbs attacks. (AC +1, EV +1)
((You are camouflaged when in or above water. (Stealth+)))
You have tentacles for arms and can constrict up to eight enemies at once.


Message History

Found 6 stones and a robe.
You see here 6 stones.
You see here a +0 robe.
A frilled lizard comes into view.
You see here a glowing ruby potion.
A frilled lizard is nearby!
An adder comes into view.
The frilled lizard hisses angrily.
A gnoll comes into view. It is wielding a +0 whip.
The gnoll shouts!
A gnoll comes into view. It is wielding a +0 flail.
The adder hisses angrily.
The gnoll shouts!
You slash the frilled lizard!
You kill the frilled lizard!
You hear a shout!
A gnoll comes into view. It is wielding a +0 club.
The adder bites you. The adder barely misses you.
You slash the adder!
You kill the adder!
The gnoll barely misses you.
Your Staves skill increases to level 1!
You closely miss the gnoll. You grab the gnoll.
You constrict the gnoll, but do no damage.
The gnoll hits you with a +0 whip!
You hit the gnoll. You squeeze the gnoll.
The gnoll is heavily wounded.
You constrict the gnoll, but do no damage.
The gnoll barely misses you. The gnoll misses you.
You slash the gnoll!
You kill the gnoll!
The gnoll hits you with a +0 club.
You have reached level 4!
You closely miss the gnoll. You grab the gnoll. You tentacle-slap the gnoll!
You squeeze the gnoll.
The gnoll is heavily wounded.
You constrict the gnoll. The gnoll hits you with a +0 flail.
The gnoll hits you with a +0 club.
* * * LOW HITPOINT WARNING * * *
The gnoll misses you. The gnoll hits you with a +0 flail!
You die...

#.## #..## ... .# ##
##..# #..##.# .### ##.#
#..... ##...##
#####.#####...# .......
..............###.......
#####...##....#.........
###..........g......
#.........hg......
##....!............
#.........†....####
#..##?.........## ...#
##...##...## ##..
########## #.. .


You could see 2 gnolls.

Vanquished Creatures
  A gnoll (D:2)
  2 adders (D:2)
  2 dart slugs
  3 endoplasms
  A giant cockroach (D:1)
  2 goblins (D:1)
  2 hobgoblins
  3 kobolds (D:1)
  3 ball pythons (D:1)
  A bat (D:1)
  2 frilled lizards
  7 rats (D:1)
29 creatures vanquished.

Notes
Turn   | Place    | Note
-------+----------+-------------------------------------------
     0 | D:1      | LeprechaunX the Octopode Shapeshifter began the quest for
                  | the Orb.
     0 | D:1      | Reached XP level 1. HP: 13/13 MP: 1/1
    84 | D:1      | Reached XP level 2. HP: 18/18 MP: 2/2
   438 | D:1      | Reached XP level 3. HP: 21/23 MP: 3/3
  1081 | D:2      | Reached skill level 1 in Staves
  1084 | D:2      | Reached XP level 4. HP: 15/29 MP: 4/4
  1084 | D:2      | Slain by a gnoll

Illustrated notes

Levels and vault maps discovered:
D:1:      dpeg_arrival_ratfight, layout_basic, minmay_bisected
D:2:      layout_rooms

Skill      XL: |  1  2  3 |
---------------+----------+-----
Staves         | 1 |  1.1
Fighting       | |  1.7
Dodging        | |  2.5
Unarmed Combat | |  3.4
Shapeshifting  | |  3.3

Action                     |  1- 3 |  4- 6 || total
---------------------------+-------+-------++-------
  Melee: Unarmed           |    12 |       ||    12
         Constrict         |    12 |     1 ||    13
         Tentacles         |    10 |     1 ||    11
         Punch             |     2 |     1 ||     3
         Lajatang          |    34 |     1 ||    35
   Stab: Sleeping          |     4 |       ||     4
 Armour: Skin              |     2 |       ||     2
  Dodge: Dodged            |    34 |     1 ||    35

Table legend: (Time is in decaauts)
 A = Elapsed time spent in this place.
 B = Non-inter-level travel time spent in this place.
 C = Inter-level travel time spent in this place.
 D = Time resting spent in this place.
 E = Time spent auto-exploring this place.
 F = Levels seen in this place.
 G = Mean time per level.
                   A        B        C        D        E       F      G
               +--------+--------+--------+--------+--------+-----+--------+
         Total |   1095 |   1055 |     40 |      0 |    892 |   2 |  547.5 |
       Dungeon |   1095 |   1055 |     40 |      0 |    892 |   2 |  547.5 |
               +--------+--------+--------+--------+--------+-----+--------+

Top non-repeatable levels by time:
     D:1: 983 daAuts
     D:2: 111 daAuts
